MLB
LOS ANGELES DODGERS @ ST. LOUIS CARDINALS
08/10/2044
 
TOP OF THE 1ST
Los Angeles Dodgers batting - Pitching for St. Louis Cardinals : RHP Josh Sabatino
Pitching: RHP Josh Sabatino
Batting: SHB Joel Baker 0-0: Ball
1-0: Ball
2-0: Called Strike
2-1: DOUBLE (Flyball, 89D, EV 91.9 MPH)
Batting: RHB Jorge Severiano 0-0: Foul Ball, location: 2F
0-1: Ball
1-1: Ball
2-1: Foul Ball, location: 2F
2-2: Strikes out swinging
Batting: LHB Bob Branham 0-0: Ball
Joel Baker steals 3rd base
1-0: Ball
2-0: Foul Ball, location: 2F
2-1: Foul Ball, location: 2F
2-2: Ground out 6-3 (Groundball, 4M, EV 101.2 MPH)
Joel Baker scores
Batting: LHB Lirak Bazhunaishvili 0-0: Ball
1-0: Ball
2-0: Ball
3-0: Called Strike
3-1: Foul Ball, location: 2F
3-2: Foul Ball, location: 2F
3-2: Foul Ball, location: 2F
3-2: Foul Ball, location: 2F
3-2: Base on Balls
Batting: RHB Clay Buchanan 0-0: Ball
1-0: Ball
2-0: Ball
Lirak Bazhunaishvili steals 2nd base
3-0: Called Strike
3-1: Foul Ball, location: 2F
3-2: Fly out, F6 (Line Drive, 6M, EV 95.6 MPH)
Top of the 1st over - 1 run, 1 hit, 0 errors, 1 left on base; Los Angeles 1 - St. Louis 0
BOTTOM OF THE 1ST
St. Louis Cardinals batting - Pitching for Los Angeles Dodgers : LHP Sam Zegarelli
Pitching: LHP Sam Zegarelli
Batting: RHB Rick O'Reilly 0-0: Ball
1-0: SINGLE (Flyball, 78S, EV 90.6 MPH)
Batting: RHB Pavpv Ivanushkin 0-0: Ball
1-0: Ball
2-0: Ball
3-0: Called Strike
3-1: DOUBLE (Line Drive, 3D, EV 93.8 MPH)
Rick O'Reilly to third
Runner from 3rd tries for Home, SAFE, throw by RF to trailing runner, OUT at third! 9-3-5
Batting: SHB Antoine Roux 0-0: Foul Ball, location: 2F
0-1: Ball
1-1: Ball
2-1: Ground out 6-3 (Groundball, 6, EV 81.2 MPH)
Batting: RHB Jason Gress 0-0: Foul Ball, location: 2F
0-1: Swinging Strike
0-2: Ball
1-2: Ground out 3-1 (Groundball, 34S, EV 85.6 MPH)
Bottom of the 1st over - 1 run, 2 hits, 0 errors, 0 left on base; Los Angeles 1 - St. Louis 1
TOP OF THE 2ND
Los Angeles Dodgers batting - Pitching for St. Louis Cardinals : RHP Josh Sabatino
Batting: LHB Ryan Taylor 0-0: Called Strike
0-1: SINGLE (Groundball, 4, EV 101.9 MPH)
Batting: RHB Tsutomu Irie 0-0: Ball
1-0: Foul Ball, location: 2F
1-1: Ball
2-1: Fly out, F8 (Flyball, 8LD, EV 101.9 MPH)
Batting: SHB Carlos Rodriguez 0-0: Ball
1-0: Called Strike
1-1: Ball
2-1: Called Strike
2-2: Foul Ball, location: 2F
2-2: Fly out, F8 (Flyball, 8RM, EV 87.5 MPH)
Batting: RHB Ben Mischnick 0-0: Called Strike
0-1: Ball
1-1: Called Strike
1-2: Ball
Ryan Taylor steals 2nd base
2-2: SINGLE (Line Drive, 4MD, EV 105.0 MPH)
Ryan Taylor to third
Runner from 3rd tries for Home, SAFE, throw by CF to home
Batting: SHB Joel Baker 0-0: Ball
1-0: Foul Ball, location: 2F
1-1: Swinging Strike
1-2: Ball
2-2: Ball
3-2: Base on Balls
Ben Mischnick to second
Batting: RHB Jorge Severiano 0-0: Ball
1-0: Foul Ball, location: 2F
1-1: Fly out, F8 (Flyball, 8LS, EV 78.1 MPH)
Top of the 2nd over - 1 run, 2 hits, 0 errors, 2 left on base; Los Angeles 2 - St. Louis 1
BOTTOM OF THE 2ND
St. Louis Cardinals batting - Pitching for Los Angeles Dodgers : LHP Sam Zegarelli
Batting: RHB Cole Bittner 0-0: Ball
1-0: Foul Ball, location: 2F
1-1: Ground out 4-3 (Groundball, 34D, EV 80.6 MPH)
Batting: RHB Nick Gentzel 0-0: Ball
1-0: Ball
2-0: Called Strike
2-1: Called Strike
2-2: SINGLE (Flyball, 9S, EV 86.9 MPH)
Batting: RHB Branden Cavalcante 0-0: Called Strike
0-1: Ball
1-1: Ball
2-1: Called Strike
2-2: Foul Ball, location: 2F
2-2: Fly out, F8 (Flyball, 8RD, EV 86.9 MPH)
Batting: RHB Dustin Clark 0-0: Fielders Choice at 2nd, 6-4 (Groundball, 6, EV 103.1 MPH)
Bottom of the 2nd over - 0 runs, 1 hit, 0 errors, 1 left on base; Los Angeles 2 - St. Louis 1
TOP OF THE 3RD
Los Angeles Dodgers batting - Pitching for St. Louis Cardinals : RHP Josh Sabatino
Batting: LHB Bob Branham 0-0: Ball
1-0: Called Strike
1-1: Swinging Strike
1-2: Strikes out swinging
Batting: LHB Lirak Bazhunaishvili 0-0: Ball
1-0: Foul Ball, location: 2F
1-1: Foul Ball, location: 2F
1-2: Strikes out swinging
Batting: RHB Clay Buchanan 0-0: Ground out 4-3 (Groundball, 34, EV 85.6 MPH)
Top of the 3rd over - 0 runs, 0 hits, 0 errors, 0 left on base; Los Angeles 2 - St. Louis 1
BOTTOM OF THE 3RD
St. Louis Cardinals batting - Pitching for Los Angeles Dodgers : LHP Sam Zegarelli
Batting: LHB Ben Rubenacker 0-0: SINGLE (Line Drive, 78M, EV 102.5 MPH)
Batting: RHB Rick O'Reilly 0-0: Ball
1-0: Ball
2-0: Ball
3-0: Called Strike
3-1: Swinging Strike
3-2: SINGLE (Line Drive, 7S, EV 105.6 MPH)
Ben Rubenacker to second
Batting: RHB Pavpv Ivanushkin 0-0: Foul Ball, location: 2F
0-1: Called Strike
0-2: Ball
1-2: Ball
2-2: Grounds into double play, 6-4-3 (Groundball, 6, EV 81.2 MPH)
Ben Rubenacker to third
Batting: SHB Antoine Roux 0-0: Called Strike
0-1: Ball
1-1: Ball
2-1: Swinging Strike
2-2: Ball
3-2: Base on Balls
Batting: RHB Jason Gress 0-0: Ball
1-0: Foul Ball, location: 2F
1-1: Ball
2-1: Ball
3-1: Foul Ball, location: 2F
3-2: SINGLE (Groundball, 4MD, EV 95.0 MPH)
Ben Rubenacker scores
Antoine Roux to second
Antoine Roux to third
Batting: RHB Cole Bittner 0-0: Ball
1-0: Ground out 5-3 (Groundball, 5S, EV 83.8 MPH)
Bottom of the 3rd over - 1 run, 3 hits, 0 errors, 2 left on base; Los Angeles 2 - St. Louis 2
TOP OF THE 4TH
Los Angeles Dodgers batting - Pitching for St. Louis Cardinals : RHP Josh Sabatino
Batting: LHB Ryan Taylor 0-0: Ball
1-0: Called Strike
1-1: Called Strike
1-2: Fly out, F4 (Popup, 23, EV 90.0 MPH)
Batting: RHB Tsutomu Irie 0-0: Ball
1-0: Ball
2-0: Ball
3-0: Called Strike
3-1: Foul Ball, location: 2F
3-2: Foul Ball, location: 2F
3-2: Foul Ball, location: 2F
3-2: Base on Balls
Batting: SHB Carlos Rodriguez 0-0: Ball
Tsutomu Irie steals 2nd base
1-0: Ball
2-0: Called Strike
2-1: Foul Ball, location: 2F
2-2: Ball
3-2: Base on Balls
Batting: RHB Ben Mischnick 0-0: Grounds into double play, 5-4-3 (Groundball, 56, EV 107.5 MPH)
Top of the 4th over - 0 runs, 0 hits, 0 errors, 1 left on base; Los Angeles 2 - St. Louis 2
BOTTOM OF THE 4TH
St. Louis Cardinals batting - Pitching for Los Angeles Dodgers : LHP Sam Zegarelli
Batting: RHB Nick Gentzel 0-0: Foul Ball, location: 2F
0-1: Fly out, F7 (Line Drive, 7, EV 89.4 MPH)
Batting: RHB Branden Cavalcante 0-0: SOLO HOME RUN (Flyball, 7D, EV 99.4 MPH), Distance : 379 ft
Batting: RHB Dustin Clark 0-0: Foul Ball, location: 2F
0-1: Ball
1-1: Ground out 5-3 (Groundball, 56S, EV 89.4 MPH)
Batting: LHB Ben Rubenacker 0-0: Ball
1-0: Foul Ball, location: 2F
1-1: Fly out, F9 (Flyball, 89S, EV 90.0 MPH)
Bottom of the 4th over - 1 run, 1 hit, 0 errors, 0 left on base; Los Angeles 2 - St. Louis 3
TOP OF THE 5TH
Los Angeles Dodgers batting - Pitching for St. Louis Cardinals : RHP Josh Sabatino
Batting: SHB Joel Baker 0-0: Ball
1-0: Fly out, F8 (Line Drive, 8LM, EV 93.8 MPH)
Batting: RHB Jorge Severiano 0-0: Ball
1-0: Ball
2-0: Ball
3-0: Base on Balls
Pitching: RHP Josh Sandoval
Batting: LHB Bob Branham 0-0: Called Strike
0-1: Grounds into double play, 4-6-3 (Groundball, 4, EV 103.1 MPH)
Top of the 5th over - 0 runs, 0 hits, 0 errors, 0 left on base; Los Angeles 2 - St. Louis 3
BOTTOM OF THE 5TH
St. Louis Cardinals batting - Pitching for Los Angeles Dodgers : LHP Sam Zegarelli
Batting: RHB Rick O'Reilly 0-0: Fly out, F8 (Line Drive, 8LM, EV 86.2 MPH)
Batting: RHB Pavpv Ivanushkin 0-0: Swinging Strike
0-1: Ball
1-1: Foul Ball, location: 2F
1-2: Foul Ball, location: 2F
1-2: Foul Ball, location: 2F
1-2: Ball
2-2: SINGLE (Line Drive, 89M, EV 97.5 MPH)
Batting: SHB Antoine Roux 0-0: Ball
1-0: SINGLE (Groundball, 56D, EV 98.8 MPH)
Pavpv Ivanushkin to second
Batting: RHB Jason Gress 0-0: Called Strike
0-1: Called Strike
0-2: Ball
1-2: Ball
2-2: DOUBLE (Line Drive, 9LM, EV 91.9 MPH)
Pavpv Ivanushkin scores
Antoine Roux to third
Batting: RHB Cole Bittner 0-0: Fly out, F7 (Flyball, 7D, EV 110.6 MPH)
Runner from 3rd tags up, SCORES, throw by LF
Pitching: RHP Miguel Arguello
Batting: RHB Nick Gentzel 0-0: Ball
Wild Pitch!
Jason Gress to third
1-0: Called Strike
1-1: Ball
2-1: Foul Ball, location: 2F
2-2: Ball
3-2: Base on Balls
Batting: RHB Branden Cavalcante 0-0: DOUBLE (Groundball, 5L, EV 94.4 MPH)
Jason Gress scores
Nick Gentzel to third
Runner from 3rd tries for Home, SAFE, throw by LF to home
Batting: RHB Dustin Clark 0-0: Ball
1-0: Called Strike
1-1: Ground out 4-3 (Groundball, 4, EV 88.1 MPH)
Bottom of the 5th over - 4 runs, 4 hits, 0 errors, 1 left on base; Los Angeles 2 - St. Louis 7
TOP OF THE 6TH
Los Angeles Dodgers batting - Pitching for St. Louis Cardinals : RHP Josh Sandoval
Batting: LHB Lirak Bazhunaishvili 0-0: Called Strike
0-1: Fly out, F6 (Flyball, 56D, EV 88.8 MPH)
Batting: RHB Clay Buchanan 0-0: Ball
1-0: Foul Ball, location: 2F
1-1: Swinging Strike
1-2: Ground out U3 (Groundball, 34, EV 105.0 MPH)
Batting: LHB Ryan Taylor 0-0: Ball
1-0: Ball
2-0: Called Strike
2-1: Called Strike
2-2: Foul Ball, location: 2F
2-2: Ball
3-2: Base on Balls
Batting: RHB Tsutomu Irie 0-0: Swinging Strike
0-1: SINGLE (Groundball, 4MD, EV 100.0 MPH)
Ryan Taylor to second
Runner from 2nd tries for 3rd, SAFE, no throw by CF
Batting: SHB Carlos Rodriguez 0-0: Foul Ball, location: 2F
0-1: Ball
1-1: Ball
2-1: SINGLE (Groundball, 34D, EV 101.9 MPH)
Ryan Taylor scores
Tsutomu Irie to second
Runner from 2nd tries for 3rd, SAFE, throw by RF made to third
Batting: RHB Ben Mischnick 0-0: Called Strike
0-1: Ball
1-1: Foul Ball, location: 2F
1-2: Ball
2-2: Ball
3-2: Strikes out looking
Top of the 6th over - 1 run, 2 hits, 0 errors, 2 left on base; Los Angeles 3 - St. Louis 7
BOTTOM OF THE 6TH
St. Louis Cardinals batting - Pitching for Los Angeles Dodgers : RHP Miguel Arguello
Batting: LHB Ben Rubenacker 0-0: Ball
1-0: Ball
2-0: Called Strike
2-1: Fly out, F7 (Line Drive, 7, EV 93.1 MPH)
Batting: RHB Rick O'Reilly 0-0: Called Strike
0-1: Ball
1-1: Ground out 6-3 (Groundball, 6, EV 91.2 MPH)
Batting: RHB Pavpv Ivanushkin 0-0: Ball
1-0: Foul Ball, location: 2F
1-1: Swinging Strike
1-2: Ball
2-2: Strikes out swinging
Bottom of the 6th over - 0 runs, 0 hits, 0 errors, 0 left on base; Los Angeles 3 - St. Louis 7
TOP OF THE 7TH
Los Angeles Dodgers batting - Pitching for St. Louis Cardinals : RHP Josh Sandoval
Batting: SHB Joel Baker 0-0: Called Strike
0-1: DOUBLE (Flyball, 78XD, EV 116.2 MPH)
Batting: RHB Jorge Severiano 0-0: Called Strike
0-1: Ball
1-1: Ground out 4-3 (Groundball, 4MD, EV 90.0 MPH)
Joel Baker to third
Batting: LHB Bob Branham 0-0: Ball
1-0: Ball
2-0: Called Strike
2-1: Swinging Strike
2-2: Strikes out swinging
Batting: LHB Lirak Bazhunaishvili 0-0: Ball
1-0: Swinging Strike
1-1: SINGLE (Line Drive, 6MD, EV 102.5 MPH)
Joel Baker scores
Batting: RHB Clay Buchanan 0-0: Ball
1-0: Ball
Lirak Bazhunaishvili steals 2nd base
2-0: Ground out 6-3 (Groundball, 6MD, EV 105.6 MPH)
Top of the 7th over - 1 run, 2 hits, 0 errors, 1 left on base; Los Angeles 4 - St. Louis 7
BOTTOM OF THE 7TH
St. Louis Cardinals batting - Pitching for Los Angeles Dodgers : RHP Miguel Arguello
Batting: SHB Antoine Roux 0-0: Foul Ball, location: 2F
0-1: Ball
1-1: Ball
2-1: Ball
3-1: Called Strike
3-2: Foul Ball, location: 2F
3-2: Foul Ball, location: 2F
3-2: Foul Ball, location: 2F
3-2: Foul Ball, location: 2F
3-2: Fly out, F7 (Flyball, 78M, EV 79.4 MPH)
Batting: RHB Jason Gress 0-0: Ball
1-0: Ball
2-0: Ball
3-0: Base on Balls
Batting: RHB Cole Bittner 0-0: Grounds into double play, 4-6-3 (Groundball, 4, EV 76.2 MPH)
Bottom of the 7th over - 0 runs, 0 hits, 0 errors, 0 left on base; Los Angeles 4 - St. Louis 7
TOP OF THE 8TH
Los Angeles Dodgers batting - Pitching for St. Louis Cardinals : RHP Josh Sandoval
Pitching: RHP Brent Garland
Batting: LHB Ryan Taylor 0-0: Called Strike
0-1: Ball
1-1: Ball
2-1: Foul Ball, location: 2F
2-2: Strikes out looking
Batting: RHB Tsutomu Irie 0-0: Called Strike
0-1: Ball
1-1: Ball
2-1: Foul Ball, location: 2F
2-2: Foul Ball, location: 2F
2-2: Strikes out swinging
Batting: SHB Carlos Rodriguez 0-0: Ball
1-0: Foul Ball, location: 2F
1-1: Ball
2-1: Foul Ball, location: 2F
2-2: TRIPLE (Line Drive, 89XD, EV 105.0 MPH)
Batting: RHB Ben Mischnick 0-0: Ball
1-0: Ball
2-0: Called Strike
2-1: Foul Ball, location: 2F
2-2: Ball
3-2: Strikes out swinging
Top of the 8th over - 0 runs, 1 hit, 0 errors, 1 left on base; Los Angeles 4 - St. Louis 7
BOTTOM OF THE 8TH
St. Louis Cardinals batting - Pitching for Los Angeles Dodgers : RHP Miguel Arguello
Pitching: RHP Luke Kinman
Batting: RHB Nick Gentzel 0-0: Foul Ball, location: 2F
0-1: SINGLE (Line Drive, 6D, EV 97.5 MPH)
Batting: RHB Branden Cavalcante 0-0: Grounds into double play, 4-6-3 (Groundball, 4, EV 91.9 MPH)
Batting: RHB Dustin Clark 0-0: Foul Ball, location: 2F
0-1: Foul Ball, location: 2F
0-2: Strikes out looking
Bottom of the 8th over - 0 runs, 1 hit, 0 errors, 0 left on base; Los Angeles 4 - St. Louis 7
TOP OF THE 9TH
Los Angeles Dodgers batting - Pitching for St. Louis Cardinals : RHP Brent Garland
Pitching: RHP David Silva
Batting: SHB Joel Baker 0-0: Called Strike
0-1: Called Strike
0-2: SINGLE (Groundball, 3S, EV 66.2 MPH) (infield hit)
Batting: RHB Jorge Severiano 0-0: Ball
1-0: Called Strike
1-1: Ball
2-1: Foul Ball, location: 2F
2-2: Ball
3-2: DOUBLE (Line Drive, 9LS, EV 100.6 MPH)
Joel Baker to third
Pinch Runner at 2nd Dalton Silveira:
Batting: LHB Bob Branham 0-0: Fly out, F6 (Popup, 6, EV 78.1 MPH)
Batting: LHB Lirak Bazhunaishvili 0-0: Ball
1-0: Ball
Wild Pitch!
Joel Baker scores
Dalton Silveira to third
Balk!
Dalton Silveira scores
2-0: Ball
3-0: Called Strike
3-1: Foul Ball, location: 2F
3-2: Base on Balls
Batting: RHB Clay Buchanan 0-0: Called Strike
0-1: Ground out 6-3 (Groundball, 56S, EV 87.5 MPH)
Lirak Bazhunaishvili to second
Batting: LHB Ryan Taylor 0-0: Ball
1-0: Ball
2-0: Called Strike
2-1: Called Strike
2-2: Ball
3-2: 2-RUN HOME RUN (Flyball, 7D, EV 101.9 MPH), Distance : 370 ft
Pitching: LHP Michael Colin
Batting: RHB Tsutomu Irie 0-0: Called Strike
0-1: Foul Ball, location: 2F
0-2: Fly out, F8 (Flyball, 89S, EV 74.4 MPH)
Top of the 9th over - 4 runs, 3 hits, 0 errors, 0 left on base; Los Angeles 8 - St. Louis 7
BOTTOM OF THE 9TH
St. Louis Cardinals batting - Pitching for Los Angeles Dodgers : RHP Luke Kinman
Pitching: RHP Chut-sai Teoh
Batting: LHB Ben Rubenacker 0-0: Ground out 4-3 (Groundball, 4, EV 106.9 MPH)
Pinch Hitting: LHB Zack Berney 0-0: Ball
1-0: Ball
2-0: Ball
3-0: Base on Balls
Batting: RHB Pavpv Ivanushkin 0-0: Called Strike
0-1: Ball
1-1: Foul Ball, location: 2F
1-2: Ball
2-2: Foul Ball, location: 2F
2-2: Ball
3-2: Strikes out looking
Batting: SHB Antoine Roux 0-0: Ball
1-0: Foul Ball, location: 2F
1-1: Ball
2-1: Foul Ball, location: 2F
2-2: Foul Ball, location: 2F
2-2: DOUBLE (Flyball, 78XD, EV 106.2 MPH)
Zack Berney to third
Runner from 3rd tries for Home, SAFE, throw by CF to home
Batting: RHB Jason Gress 0-0: Foul Ball, location: 2F
0-1: Ball
1-1: Swinging Strike
1-2: Foul Ball, location: 2F
1-2: Foul Ball, location: 2F
1-2: Foul Ball, location: 2F
1-2: Ball
2-2: Foul Ball, location: 2F
2-2: Strikes out swinging
Bottom of the 9th over - 1 run, 1 hit, 0 errors, 1 left on base; Los Angeles 8 - St. Louis 8
TOP OF THE 10TH
Los Angeles Dodgers batting - Pitching for St. Louis Cardinals : LHP Michael Colin
Now in CF: Nick Gentzel
Now in RF: Zack Berney
Batting: SHB Carlos Rodriguez 0-0: Ball
1-0: Ball
2-0: Foul Ball, location: 2F
2-1: Foul Ball, location: 2F
2-2: Strikes out looking
Batting: RHB Ben Mischnick 0-0: Ball
1-0: Ball
2-0: Ball
3-0: Ground out 4-3 (Groundball, 4D, EV 88.1 MPH)
Batting: SHB Joel Baker 0-0: Called Strike
0-1: Fly out, F7 (Line Drive, 7, EV 84.4 MPH)
Top of the 10th over - 0 runs, 0 hits, 0 errors, 0 left on base; Los Angeles 8 - St. Louis 8
BOTTOM OF THE 10TH
St. Louis Cardinals batting - Pitching for Los Angeles Dodgers : RHP Chut-sai Teoh
Batting: RHB Cole Bittner 0-0: Ground out 5-3 (Groundball, 56, EV 79.4 MPH)
Batting: RHB Nick Gentzel 0-0: Ball
1-0: Foul Ball, location: 2F
1-1: Called Strike
1-2: Fly out, F9 (Flyball, 9, EV 73.1 MPH)
Batting: RHB Branden Cavalcante 0-0: Fly out, F9 (Flyball, 9, EV 78.1 MPH)
Bottom of the 10th over - 0 runs, 0 hits, 0 errors, 0 left on base; Los Angeles 8 - St. Louis 8
TOP OF THE 11TH
Los Angeles Dodgers batting - Pitching for St. Louis Cardinals : LHP Michael Colin
Batting: LHB Dalton Silveira 0-0: Ball
1-0: Ball
2-0: Ball
3-0: Called Strike
3-1: Foul Ball, location: 2F
3-2: Foul Ball, location: 2F
3-2: Foul Ball, location: 2F
3-2: SOLO HOME RUN (Line Drive, 9LD, EV 98.8 MPH), Distance : 361 ft
Batting: LHB Bob Branham 0-0: Ground out U3 (Groundball, 34S, EV 81.9 MPH)
Batting: LHB Lirak Bazhunaishvili 0-0: Ball
1-0: Called Strike
1-1: Ground out 5-3 (Groundball, 56, EV 78.1 MPH)
Batting: RHB Clay Buchanan 0-0: Foul Ball, location: 2F
0-1: Called Strike
0-2: Strikes out swinging
Top of the 11th over - 1 run, 1 hit, 0 errors, 0 left on base; Los Angeles 9 - St. Louis 8
BOTTOM OF THE 11TH
St. Louis Cardinals batting - Pitching for Los Angeles Dodgers : RHP Chut-sai Teoh
Pitching: LHP Lance Crumpton
Batting: RHB Dustin Clark 0-0: Foul Ball, location: 2F
0-1: Ground out 1-3 (Groundball, 34S, EV 66.9 MPH)
Pinch Hitting: RHB Sergio Godinez 0-0: Called Strike
0-1: Ball
1-1: Ball
2-1: Ball
3-1: Base on Balls
Batting: LHB Zack Berney 0-0: Ball
1-0: Ground out U3 (Groundball, 3, EV 86.2 MPH)
Sergio Godinez to second
Batting: RHB Pavpv Ivanushkin 0-0: Ground out 5-3 (Groundball, 56, EV 90.0 MPH)
Bottom of the 11th over - 0 runs, 0 hits, 0 errors, 1 left on base; Los Angeles 9 - St. Louis 8
Thursday, March 31st , 2022 - OOTP Baseball 22.12 Build 89